 Dungeon Crawl Stone Soup version 0.21-a0-401-g0b6bec4 (webtiles) character file.

255 tof the Chopper (level 5, 6/47 HPs)
             Began as a Minotaur Berserker on Oct 21, 2017.
             Was a Believer of Trog.
             Quit the game on level 4 of the Dungeon.
             The game lasted 00:04:36 (2635 turns).

tof the Chopper (Minotaur Berserker)                Turns: 2635, Time: 00:04:36

Health: 6/47       AC:  5    Str: 22    XL:     5   Next: 91%
Magic:  4/4        EV: 12    Int:  4    God:    Trog [**....]
Gold:   153        SH:  0    Dex: 10    Spells: 4/4 levels left

rFire    . . .     SeeInvis .   u - +0 war axe
rCold    . . .     Gourm    .   (no shield)
rNeg     . . .     Faith    .   o - +0 ring mail
rPois    .         Spirit   .   (helmet restricted)
rElec    .         Reflect  .   (no cloak)
rCorr    .         Harm     .   (no gloves)
MR       .....                  (no boots)
Stlth    ..........             (no amulet)
HPRegen  0.15/turn              (no ring)
MPRegen  0.09/turn              (no ring)

@: lethally poisoned (6 -> -7)
A: retaliatory headbutt, horns 2
a: Berserk, Trog's Hand, Burn Spellbooks, Renounce Religion


You were on level 4 of the Dungeon.
You worshipped Trog.
Trog was pleased with you.
You were not hungry.

You visited 1 branch of the dungeon, and saw 4 of its levels.

You collected 153 gold pieces.

Inventory:

Hand Weapons
 u - a +0 war axe (weapon)
Missiles
 r - 20 poisoned needles
Armour
 o - a +0 ring mail (worn)
Scrolls
 d - 4 scrolls of identify {unknown}
 e - 4 scrolls of enchant armour {unknown}
 f - 3 scrolls of teleportation {unknown}
 g - 2 scrolls of random uselessness {unknown}
 k - a scroll of remove curse {unknown}
 n - a scroll of amnesia {unknown}
 s - a scroll of fear {unknown}
Potions
 b - 3 potions of brilliance {unknown}
 h - 3 potions of curing {unknown}
 i - 2 potions of flight {unknown}
 j - 2 potions of lignification {unknown}
 l - a potion of mutation {unknown}
 q - a potion of agility {unknown}
 t - a potion of might {unknown}
Comestibles
 a - a chunk of flesh
 c - 2 bread rations
 m - 2 royal jellies
 p - 2 meat rations


   Skills:
 + Level 4.8 Fighting
 * Level 5.8 Axes
 + Level 4.0 Armour
 + Level 3.6 Dodging


You had 4 spell levels left.
You didn't know any spells.

Dungeon Overview and Level Annotations

Branches:
Dungeon (4/15)
 Temple: D:4-7

Altars:
Elyvilon
Fedhas

Annotations:
D:4 grizmgrazm2's ghost, amateur DsGl


Innate Abilities, Weirdness & Mutations

You reflexively headbutt those who attack you in melee.
You have a pair of horns on your head.


Message History

You see here 24 stones.
You feel sick. The worker ant misses you.
You slash grizmgrazm2's ghost!
Grizmgrazm2's ghost is moderately damaged.
You barely miss the worker ant.
You feel sick. The worker ant misses you.
Grizmgrazm2's ghost barely misses you. The adder barely misses you.
The worker ant bites you.
* * * LOW HITPOINT WARNING * * *
You slash grizmgrazm2's ghost!
Grizmgrazm2's ghost is heavily damaged.
You hit the adder.
You hit the worker ant but do no damage.
You feel sick. The adder bites you.
* * * LOW HITPOINT WARNING * * *
You are more poisoned.
The adder poisons you! Grizmgrazm2's ghost barely misses you.
You furiously retaliate!
You headbutt grizmgrazm2's ghost. The worker ant barely misses you.
Okay, then.
Are you sure you want to abandon this character and quit the game? (Confirm with "yes".)

# ################.#
#......<..Sa(....#...
#.#####...W@.........
#.# #.###########.#
#W# #.# ######S# #.#
.......#####.###
#####..........#
#..................
#.####..S..?.#.###.#
#.........#


You could see a worker ant, grizmgrazm2's ghost and an adder.

Vanquished Creatures
  Sigmund (D:3)
  An orc wizard (D:2)
  3 adders
  An ooze (D:4)
  2 worms
  2 dart slugs
  3 leopard geckos
  3 orcs
  5 bats
  2 giant cockroaches
  3 goblins
  6 hobgoblins
  6 frilled lizards
  5 kobolds
  4 rats
47 creatures vanquished.

Notes
Turn   | Place    | Note
-------+----------+-------------------------------------------
     0 | D:1      | tof the Minotaur Berserker began the quest for the Orb.
     0 | D:1      | Reached XP level 1. HP: 19/19 MP: 0/0
   294 | D:1      | Reached XP level 2. HP: 27/27 MP: 1/1
   323 | D:1      | Reached skill level 4 in Axes
   612 | D:2      | Found a blossoming altar of Fedhas.
   697 | D:2      | Reached XP level 3. HP: 14/33 MP: 2/2
  1217 | D:2      | Found a white marble altar of Elyvilon.
  1623 | D:2      | Reached XP level 4. HP: 31/40 MP: 3/3
  1816 | D:3      | Noticed Sigmund
  1825 | D:3      | Killed Sigmund
  1825 | D:3      | Reached skill level 5 in Axes
  1825 | D:3      | Reached XP level 5. HP: 22/47 MP: 4/4
  2441 | D:3      | Reached ** piety under Trog
  2592 | D:4      | Noticed a phantom
  2611 | D:4      | Noticed grizmgrazm2's ghost (amateur DsGl)
  2635 | D:4      | Quit the game

Vault maps used:
D:1:      dpeg_arrival_round_a, kennysheep_nondescript, kennysheep_another_room
D:2:      old_standard_altar, lemuel_round_altar
D:3:      uniq_sigmund
D:4:      serial_shops, kennysheep_little_box

Skill      XL: |  1  2  3  4  5 |
---------------+----------------+-----
Axes           | 4 5 |  5.8
Fighting       | 4 |  4.8
Armour         | 3 4 |  4.0
Dodging        | 3 |  3.6

Action                   |  1- 3 |  4- 6 || total
-------------------------+-------+-------++-------
Melee: Hand axe          |    69 |    41 ||   110
       Headbutt          |     9 |     8 ||    17
       War axe           |       |    16 ||    16
 Stab: Sleeping          |     1 |       ||     1
  Eat: Chunk             |     2 |     3 ||     5
Armor: Leather armour    |     3 |       ||     3
       Ring mail         |     7 |    16 ||    23
Dodge: Dodged            |    42 |    38 ||    80

Table legend:
 A = Spawn XP
 B = Non-spawn XP
 C = Spawn XP percentage of total XP
 D = Spawn monster count
 E = Non-spawn monster count
 F = Spawn count percentage of total count
 G = Total turns spent on level
                    A         B        C        D         E        F      G
               +---------+---------+-------+---------+---------+-------+---------
         Total |       0 |     365 |   0.0 |       0 |      47 |   0.0 |  2635
               +---------+---------+-------+---------+---------+-------+---------
           D:1 |       0 |      23 |   0.0 |       0 |      14 |   0.0 |   548
           D:2 |       0 |      82 |   0.0 |       0 |      15 |   0.0 |  1208
           D:3 |       0 |     253 |   0.0 |       0 |      17 |   0.0 |   820
           D:4 |       0 |       7 |   0.0 |       0 |       1 |   0.0 |    59
               +---------+---------+-------+---------+---------+-------+---------
